PAA
CASPER GHOSTS @ ATLANTIC CITY SONICS
06/07/2034
 
TOP OF THE 1ST
Casper Ghosts batting - Pitching for Atlantic City Sonics : LHP Ron Fernández
Pitching: LHP Ron Fernández
Batting: RHB Armando Pacheco 0-0: Called Strike
0-1: Ball
1-1: Ball
2-1: Foul Ball, location: 2F
2-2: Ball
3-2: SINGLE (Groundball, 25) (infield hit)
Batting: RHB Steve Weber 0-0: Ball
1-0: Foul Ball, location: 2F
1-1: Called Strike
1-2: Ball
2-2: Ball
3-2: Strikes out swinging
Armando Pacheco steals 2nd base
Batter strikes out.
Batting: RHB Jur Prokop 0-0: Ball
1-0: Called Strike
1-1: Swinging Strike
1-2: Ball
2-2: Fly out, F7 (Flyball, 78S)
Batting: RHB Jeff Mouton 0-0: Fly out, F8 (Flyball, 8LM)
Top of the 1st over - 0 runs, 1 hit, 0 errors, 1 left on base; Casper 0 - Atlantic City 0
BOTTOM OF THE 1ST
Atlantic City Sonics batting - Pitching for Casper Ghosts : RHP Rhett Abbott
Pitching: RHP Rhett Abbott
Batting: LHB Xuan-ling Liao 0-0: Foul Ball, location: 2F
0-1: Ball
1-1: Swinging Strike
1-2: Foul Ball, location: 2F
1-2: Ball
2-2: Strikes out looking
Batting: RHB John Willoughby 0-0: Foul Ball, location: 2F
0-1: Foul Ball, location: 2F
0-2: Foul Ball, location: 2F
0-2: Ball
1-2: DOUBLE (Line Drive, 78D)
Batting: LHB Bryce Abood 0-0: Ball
1-0: Called Strike
1-1: Ground out 6-3 (Groundball, 6)
Batting: LHB Scotty Mitchell 0-0: Called Strike
0-1: SINGLE (Groundball, 6D)
John Willoughby to third
Batting: LHB António Casas 0-0: Ball
1-0: Called Strike
1-1: Swinging Strike
1-2: Strikes out swinging
Bottom of the 1st over - 0 runs, 2 hits, 0 errors, 2 left on base; Casper 0 - Atlantic City 0
TOP OF THE 2ND
Casper Ghosts batting - Pitching for Atlantic City Sonics : LHP Ron Fernández
Batting: LHB Marcus Shill 0-0: SINGLE (Flyball, 9LS)
Batting: LHB Badry Maksimenov 0-0: Ball
1-0: Foul Ball, location: 2F
1-1: Ball
2-1: Foul Ball, location: 2F
2-2: Ball
3-2: Base on Balls
Marcus Shill to second
Batting: LHB Ronald Anderson 0-0: Ball
1-0: Called Strike
1-1: Ball
2-1: Swinging Strike
2-2: Ball
3-2: Strikes out swinging
Batting: RHB José Reyes 0-0: Ball
Badry Maksimenov steals 2nd base
Marcus Shill to third
1-0: Ball
2-0: Called Strike
2-1: Ground out 5-3 (Groundball, 56)
Marcus Shill scores
Batting: RHB Alfredo López 0-0: Called Strike
0-1: Called Strike
0-2: Ball
1-2: Foul Ball, location: 2F
1-2: Strikes out swinging
Top of the 2nd over - 1 run, 1 hit, 0 errors, 1 left on base; Casper 1 - Atlantic City 0
BOTTOM OF THE 2ND
Atlantic City Sonics batting - Pitching for Casper Ghosts : RHP Rhett Abbott
Batting: RHB Alejandro Sánchez 0-0: SINGLE (Line Drive, 7S)
Batting: RHB Gary Jenkins 0-0: Ball
1-0: Called Strike
1-1: Called Strike
1-2: Ball
2-2: Foul Ball, location: 2F
2-2: Fly out, F4 (Popup, 34D)
Batting: RHB Kendrick Drumgoole 0-0: Ball
1-0: Ball
2-0: Fly out, F7 (Flyball, 7LSF)
Batting: RHB Toyozo Yamasaki 0-0: Called Strike
0-1: Ground out 4-3 (Groundball, 4M)
Bottom of the 2nd over - 0 runs, 1 hit, 0 errors, 1 left on base; Casper 1 - Atlantic City 0
TOP OF THE 3RD
Casper Ghosts batting - Pitching for Atlantic City Sonics : LHP Ron Fernández
Batting: RHB Armando Pacheco 0-0: Ball
1-0: Ball
2-0: Called Strike
2-1: Ball
3-1: Called Strike
3-2: Ground out 4-3 (Groundball, 4S)
Batting: RHB Steve Weber 0-0: Ball
1-0: Ball
2-0: Foul Ball, location: 2F
2-1: Foul Ball, location: 2F
2-2: Fly out, F8 (Flyball, 8LM)
Batting: RHB Jur Prokop 0-0: Called Strike
0-1: Called Strike
0-2: Ball
1-2: Foul Ball, location: 2F
1-2: Strikes out swinging
Top of the 3rd over - 0 runs, 0 hits, 0 errors, 0 left on base; Casper 1 - Atlantic City 0
BOTTOM OF THE 3RD
Atlantic City Sonics batting - Pitching for Casper Ghosts : RHP Rhett Abbott
Batting: LHB Xuan-ling Liao 0-0: Ball
1-0: Ball
2-0: Called Strike
2-1: Ball
3-1: Called Strike
3-2: Foul Ball, location: 2F
3-2: Foul Ball, location: 2F
3-2: Foul Ball, location: 2F
3-2: Base on Balls
Batting: RHB John Willoughby 0-0: Fly out, F4 (Popup, 34)
Batting: LHB Bryce Abood 0-0: Swinging Strike
0-1: Ball
1-1: Foul Ball, location: 2F
1-2: Fly out, F5 (Popup, 5L)
Batting: LHB Scotty Mitchell 0-0: Called Strike
Xuan-ling Liao is caught stealing 2nd base
Bottom of the 3rd over - 0 runs, 0 hits, 0 errors, 0 left on base; Casper 1 - Atlantic City 0
TOP OF THE 4TH
Casper Ghosts batting - Pitching for Atlantic City Sonics : LHP Ron Fernández
Batting: RHB Jeff Mouton 0-0: SINGLE (Line Drive, 78S)
Batting: LHB Marcus Shill 0-0: Fly out, F5 (Popup, 56)
Batting: LHB Badry Maksimenov 0-0: Ball
1-0: Ball
2-0: Ball
3-0: Called Strike
3-1: Reached on error, E4 (Groundball, 4)
Jeff Mouton to second
Batting: LHB Ronald Anderson 0-0: Ball
1-0: Called Strike
1-1: Called Strike
1-2: Ball
2-2: Strikes out swinging
Batting: RHB José Reyes 0-0: Ball
1-0: Fielders Choice at 2nd, 6-4 (Groundball, 6)
Top of the 4th over - 0 runs, 1 hit, 1 error, 2 left on base; Casper 1 - Atlantic City 0
BOTTOM OF THE 4TH
Atlantic City Sonics batting - Pitching for Casper Ghosts : RHP Rhett Abbott
Batting: LHB Scotty Mitchell 0-0: Called Strike
0-1: Ball
1-1: SINGLE (Groundball, 6MD)
Batting: LHB António Casas 0-0: Called Strike
0-1: Foul Ball, location: 2F
0-2: Ball
1-2: Foul Ball, location: 2F
1-2: SINGLE (Line Drive, 4MD)
Scotty Mitchell to second
Batting: RHB Alejandro Sánchez 0-0: Ball
1-0: Foul Ball, location: 2F
1-1: Foul Ball, location: 2F
1-2: Ball
2-2: Ball
3-2: Base on Balls
Scotty Mitchell to third
António Casas to second
Batting: RHB Gary Jenkins 0-0: Ball
1-0: Called Strike
1-1: Grounds into fielders choice 4-2 (Groundball, 4S)
António Casas to third
Alejandro Sánchez to second
Batting: RHB Kendrick Drumgoole 0-0: Ball
1-0: Ball
2-0: Called Strike
2-1: Foul Ball, location: 2F
2-2: Strikes out swinging
Batting: RHB Toyozo Yamasaki 0-0: Called Strike
0-1: Foul Ball, location: 2F
0-2: Ground out 4-3 (Groundball, 4)
Bottom of the 4th over - 0 runs, 2 hits, 0 errors, 3 left on base; Casper 1 - Atlantic City 0
TOP OF THE 5TH
Casper Ghosts batting - Pitching for Atlantic City Sonics : LHP Ron Fernández
Batting: RHB Alfredo López 0-0: Ball
1-0: Ball
2-0: Ball
3-0: Called Strike
3-1: Foul Ball, location: 2F
3-2: Foul Ball, location: 2F
3-2: SINGLE (Groundball, 6MD)
Batting: RHB Armando Pacheco 0-0: Sac Bunt - play at first, batter OUT! 2-3
Alfredo López to second
Batting: RHB Steve Weber 0-0: Foul Ball, location: 2F
0-1: Ball
1-1: Ball
2-1: Swinging Strike
2-2: Ball
3-2: Foul Ball, location: 2F
3-2: DOUBLE (Line Drive, 7LM)
Alfredo López scores
Batting: RHB Jur Prokop 0-0: Called Strike
0-1: Ground out 5-3 (Groundball, 56)
Batting: RHB Jeff Mouton 0-0: Called Strike
0-1: Ball
1-1: Foul Ball, location: 2F
1-2: Ball
Passed Ball!
Steve Weber to third
2-2: Foul Ball, location: 2F
2-2: Ball
3-2: Ground out 6-3 (Groundball, 56)
Top of the 5th over - 1 run, 2 hits, 0 errors, 1 left on base; Casper 2 - Atlantic City 0
BOTTOM OF THE 5TH
Atlantic City Sonics batting - Pitching for Casper Ghosts : RHP Rhett Abbott
Batting: LHB Xuan-ling Liao 0-0: Ball
1-0: Called Strike
1-1: Ball
2-1: Ball
3-1: Base on Balls
Batting: RHB John Willoughby 0-0: Ball
1-0: Ball
Xuan-ling Liao steals 2nd base
2-0: DOUBLE (Line Drive, 7LS)
Xuan-ling Liao scores
Batting: LHB Bryce Abood 0-0: Called Strike
0-1: Ball
1-1: Swinging Strike
1-2: Foul Ball, location: 2F
1-2: Foul Ball, location: 2F
1-2: Ball
2-2: DOUBLE (Groundball, 3L)
John Willoughby scores
Batting: LHB Scotty Mitchell 0-0: Intentional Walk
Batting: LHB António Casas 0-0: Foul Ball, location: 2F
0-1: Foul Ball, location: 2F
0-2: Strikes out swinging
Batting: RHB Alejandro Sánchez 0-0: Called Strike
0-1: Ball
1-1: Ball
2-1: SINGLE (Line Drive, 4D)
Bryce Abood to third
Scotty Mitchell to second
Batting: RHB Gary Jenkins 0-0: Ball
1-0: Called Strike
1-1: Ball
2-1: Foul Ball, location: 2F
2-2: Foul Ball, location: 2F
2-2: Fly out, F3 (Popup, 3L)
Batting: RHB Kendrick Drumgoole 0-0: Called Strike
0-1: Fly out, F6 (Popup, 6MS)
Bottom of the 5th over - 2 runs, 3 hits, 0 errors, 3 left on base; Casper 2 - Atlantic City 2
TOP OF THE 6TH
Casper Ghosts batting - Pitching for Atlantic City Sonics : LHP Ron Fernández
Batting: LHB Marcus Shill 0-0: Ball
1-0: Foul Ball, location: 2F
1-1: Ball
2-1: Foul Ball, location: 2F
2-2: Strikes out swinging
Batting: LHB Badry Maksimenov 0-0: Ball
1-0: Ball
2-0: Swinging Strike
2-1: Ground out 4-3 (Groundball, 4)
Batting: LHB Ronald Anderson 0-0: Ball
1-0: Called Strike
1-1: Ball
2-1: Ball
3-1: Called Strike
3-2: Foul Ball, location: 2F
3-2: Base on Balls
Pitching: LHP Doppo Omikado
Batting: RHB José Reyes 0-0: Ball
1-0: Ball
2-0: Called Strike
2-1: Swinging Strike
2-2: Foul Ball, location: 2F
2-2: Ball
Ronald Anderson steals 2nd base
3-2: Strikes out swinging
Top of the 6th over - 0 runs, 0 hits, 0 errors, 1 left on base; Casper 2 - Atlantic City 2
BOTTOM OF THE 6TH
Atlantic City Sonics batting - Pitching for Casper Ghosts : RHP Rhett Abbott
Batting: RHB Toyozo Yamasaki 0-0: Ball
1-0: SINGLE (Groundball, 6M) (infield hit)
Batting: LHB Xuan-ling Liao 0-0: Ball
1-0: Ball
2-0: Called Strike
2-1: Swinging Strike
2-2: Ball
3-2: Foul Ball, location: 2F
3-2: Foul Ball, location: 2F
3-2: Base on Balls
Toyozo Yamasaki to second
Pitching: RHP Robert Cagle
Batting: RHB John Willoughby 0-0: Ball
1-0: SINGLE (Line Drive, 5)
Toyozo Yamasaki to third
Xuan-ling Liao to second
Batting: LHB Bryce Abood 0-0: Ball
1-0: Called Strike
1-1: Ball
2-1: Fly out, F8 (Flyball, 8RXD)
Runner from 3rd tags up, SCORES, no throw
Xuan-ling Liao to third
Batting: LHB Scotty Mitchell 0-0: Ball
1-0: Ball
2-0: Ball
3-0: Base on Balls
John Willoughby to second
Batting: LHB António Casas 0-0: Foul Ball, location: 2F
0-1: Foul Ball, location: 2F
0-2: Foul Ball, location: 2F
0-2: Ball
1-2: Fly out, F7 (Flyball, 7S)
Batting: RHB Alejandro Sánchez 0-0: Swinging Strike
0-1: Ball
1-1: Called Strike
1-2: Strikes out swinging
Bottom of the 6th over - 1 run, 2 hits, 0 errors, 3 left on base; Casper 2 - Atlantic City 3
TOP OF THE 7TH
Casper Ghosts batting - Pitching for Atlantic City Sonics : LHP Doppo Omikado
Batting: RHB Alfredo López 0-0: Ball
1-0: Swinging Strike
1-1: Foul Ball, location: 2F
1-2: Strikes out swinging
Batting: RHB Armando Pacheco 0-0: Called Strike
0-1: Ball
1-1: Foul Ball, location: 2F
1-2: Foul Ball, location: 2F
1-2: Ground out 5-3 (Groundball, 5)
Batting: RHB Steve Weber 0-0: Called Strike
0-1: Swinging Strike
0-2: Foul Ball, location: 2F
0-2: Ball
1-2: Foul Ball, location: 2F
1-2: SINGLE (Groundball, 4MD)
Batting: RHB Jur Prokop 0-0: Called Strike
0-1: Swinging Strike
0-2: Fly out, F7 (Flyball, 7LM)
Top of the 7th over - 0 runs, 1 hit, 0 errors, 1 left on base; Casper 2 - Atlantic City 3
BOTTOM OF THE 7TH
Atlantic City Sonics batting - Pitching for Casper Ghosts : RHP Robert Cagle
Batting: RHB Gary Jenkins 0-0: Fly out, F9 (Flyball, 89M)
Batting: RHB Kendrick Drumgoole 0-0: Ball
1-0: Ball
2-0: Fly out, F7 (Flyball, 78M)
Batting: RHB Toyozo Yamasaki 0-0: Called Strike
0-1: Ball
1-1: Reached on error, E3 (Groundball, 34)
Batting: LHB Xuan-ling Liao 0-0: Ball
Toyozo Yamasaki steals 2nd base
1-0: Ball
2-0: Ball
3-0: Called Strike
3-1: Foul Ball, location: 2F
3-2: Foul Ball, location: 2F
3-2: Base on Balls
Batting: RHB John Willoughby 0-0: Ball
1-0: Ground out 2-3 (Groundball, 15S)
Bottom of the 7th over - 0 runs, 0 hits, 1 error, 2 left on base; Casper 2 - Atlantic City 3
TOP OF THE 8TH
Casper Ghosts batting - Pitching for Atlantic City Sonics : LHP Doppo Omikado
Batting: RHB Jeff Mouton 0-0: Ground out 6-3 (Groundball, 56)
Batting: LHB Marcus Shill 0-0: Foul Ball, location: 2F
0-1: Called Strike
0-2: Ball
1-2: Ball
2-2: Strikes out looking
Batting: LHB Badry Maksimenov 0-0: Ball
1-0: Swinging Strike
1-1: Swinging Strike
1-2: Foul Ball, location: 2F
1-2: Strikes out swinging
Top of the 8th over - 0 runs, 0 hits, 0 errors, 0 left on base; Casper 2 - Atlantic City 3
BOTTOM OF THE 8TH
Atlantic City Sonics batting - Pitching for Casper Ghosts : RHP Robert Cagle
Batting: LHB Bryce Abood 0-0: Ball
1-0: Ball
2-0: Called Strike
2-1: Ball
3-1: SINGLE (Groundball, 4D)
Batting: LHB Scotty Mitchell 0-0: Called Strike
0-1: Swinging Strike
0-2: Fly out, F7 (Flyball, 7D)
Batting: LHB António Casas 0-0: Ball
1-0: Called Strike
1-1: Grounds into double play, 4-6-3 (Groundball, 4)
Bottom of the 8th over - 0 runs, 1 hit, 0 errors, 0 left on base; Casper 2 - Atlantic City 3
TOP OF THE 9TH
Casper Ghosts batting - Pitching for Atlantic City Sonics : LHP Doppo Omikado
Pitching: RHP Amando Codes
Now at C: Guillermo Mata
Batting: LHB Ronald Anderson 0-0: Reached on error, E4 (Groundball, 4)
Pinch Hitting: RHB Adrijan Markovski 0-0: Bunted foul
0-1: Bunted foul
0-2: Ball
1-2: Ball
2-2: Foul Ball, location: 2F
2-2: Foul Ball, location: 2F
2-2: Ball
3-2: Foul Ball, location: 2F
3-2: Grounds into double play, 4-6-3 (Groundball, 4)
Batting: RHB Alfredo López 0-0: Ball
1-0: DOUBLE (Line Drive, 7LS)
Batting: RHB Armando Pacheco 0-0: Ball
1-0: Ball
2-0: Ball
3-0: Called Strike
3-1: Ground out 4-3 (Groundball, 4)
Top of the 9th over - 0 runs, 1 hit, 1 error, 1 left on base; Casper 2 - Atlantic City 3
Friday, March 29th, 2019 - OOTP Baseball 18.8 Build 76